 Dungeon Crawl Stone Soup version 0.27.1-15-g792fb953b9 (webtiles) character file.

Game seed: 3146803323355340499

880 TheCrusader the Magician (level 8, -5/57 HPs)
             Began as a Djinni Conjurer on Nov 21, 2021.
             Slain by Eustachio (7 damage)
             ... on level 5 of the Dungeon.
             The game lasted 00:52:17 (7166 turns).

TheCrusader the Magician (Djinni Conjurer)          Turns: 7166, Time: 00:52:18

Health: -5/57      AC:  4    Str:  6    XL:     8   Next: 25%
Gold:   191        EV: 13    Int: 22    God:
                   SH:  0    Dex: 12

rFire    + + .     SeeInvis .   b - +0 dagger
rCold    x . .     Faith    .   (no shield)
rNeg     . . .     Spirit   .   a - +0 robe
rPois    ∞         Reflect  .   g - +1 helmet
rElec    .         Harm     .   (no cloak)
rCorr    .         Rampage  .   (no gloves)
Will     +....                  (boots unavailable)
Stlth    ++........             (no amulet)
HPRegen  0.19/turn              s - ring of willpower
MPRegen  0.00/turn              (no ring)

@: attractive, flying
A: sickness immunity, fire resistance 2, cold vulnerability 1, float, innate
caster, hp casting, extra vitality 1
a: no special abilities


You were on level 5 of the Dungeon.
You visited 1 branch of the dungeon, and saw 5 of its levels.

You collected 191 gold pieces.

Inventory:

Hand Weapons
 b - a +0 dagger (weapon)
Missiles
 o - 6 curare-tipped darts
 p - 84 arrows
 u - 71 stones
 w - 19 poisoned darts
 B - a throwing net
Armour
 a - a +0 robe (worn)
 g - a +1 helmet (worn)
Jewellery
 s - a ring of willpower (left hand)
Wands
 y - a wand of polymorph (7)
Scrolls
 d - a scroll of vulnerability {unknown}
 e - 2 scrolls of magic mapping {unknown}
 h - a scroll of noise {unknown}
 i - a scroll of torment {unknown}
 m - a scroll of enchant armour {unknown}
 n - 2 scrolls of teleportation {unknown}
 r - a scroll of fear {unknown}
 t - 2 scrolls of identify {unknown}
 z - a scroll of amnesia {unknown}
Potions
 f - 3 potions of haste
 j - a potion of flight {unknown}
 k - a potion of degeneration {unknown}
 l - a potion of mutation {unknown}
 q - 2 potions of curing
 x - a potion of brilliance {unknown}
 A - a potion of lignification {unknown}


   Skills:
 * Level 3.6 Fighting
 + Level 3.7 Dodging
 - Level 1.5 Stealth
 + Level 6.5 Spellcasting


You couldn't memorise any spells.
You knew the following spells:

 Your Spells              Type           Power      Damage    Failure   Level
a - Magic Dart            Conj           100%       1d8       1%          1
b - Searing Ray           Conj           72%        3d6       1%          2
c - Dazzling Flash        Conj/Hex       72%        N/A       1%          3
d - Fulminant Prism       Conj/Hex       18%        3d11      6%          4
e - Iskenderun's Mystic   Conj/Tloc      36%        2d9       6%          4
f - Apportation           Tloc           72%        N/A       1%          1
g - Static Discharge      Conj/Air       36%        N/A       1%          2
h - Frozen Ramparts       Ice            72%        1d9       1%          3
Your spell library was empty.

Dungeon Overview and Level Annotations

Branches:
Dungeon (5/15)
 Temple: D:4-7

Altars:
Ru
Uskayaw

Annotations:
D:5 Eustachio


Innate Abilities, Weirdness & Mutations

You are immune to sickness and miasma.
You are immune to poison.
Your flesh is very heat resistant. (rF++)
You are vulnerable to cold. (rC-)
You float through the air rather than walking.
You learn spells naturally, not from books.
Your magical power is your life essence.
You have superior vitality. (+4 HP)


Message History

Confirm with . or Enter, or press ? or * to list all spells.
Casting: Frozen Ramparts (safe; 1% risk of failure)
Press: ? - help, Dir - look around, f - activate The walls around you are covered in ice.
The ufetubus resists.
The wall freezes the ufetubus.
The ufetubus barely misses you. The ufetubus closely misses you.
The ufetubus completely resists.
The wall freezes the ufetubus but does no damage.
The ufetubus hits you. The ufetubus closely misses you.
The wall freezes Eustachio.
Eustachio hits you with a +2 falchion of holy wrath.
The white imp completely resists.
The wall freezes the white imp but does no damage.
The white imp gestures at you. The puff of frost hits you!
You feel a terrible chill!
The shadow imp resists.
The wall freezes the shadow imp.
It was a potion of attraction.
You feel attractive to monsters.
The wall freezes the ufetubus but does no damage.
The ufetubus hits you.
* * * LOW HITPOINT WARNING * * *
The ufetubus hits you but does no damage.
The wall freezes Eustachio.
Eustachio hits you with a +2 falchion of holy wrath!
* * * LOW HITPOINT WARNING * * *
The shadow imp resists.
The wall freezes the shadow imp.
The white imp resists.
The wall freezes the white imp.
The white imp hits you.
* * * LOW HITPOINT WARNING * * *
The white imp freezes you.
You feel a terrible chill!
* * * LOW HITPOINT WARNING * * *
Unknown command.
It was a potion of cancellation.
Your magical effects are unravelling.
You feel magically purged.
The frozen ramparts melt away.
The ufetubus barely misses you.
The ufetubus hits you but does no damage.
The ufetubus misses you.
The ufetubus hits you but does no damage.
Eustachio hits you with a +2 falchion of holy wrath!
You die...

###############
#######5@@...........
#.....55#############
#.####### #.# #.# #.#
#.. #.###.# #...#.#
###.#.#


You could see Eustachio, a white imp (summoned), a shadow imp (summoned) and an
ufetubus (summoned).

Vanquished Creatures
  Grinder (D:3)
  A sky beast (D:5)
  An ogre (D:5)
  A bullfrog (D:4)
  A scorpion (D:5)
  2 jellies (D:4)
  A hound (D:4)
  Terence (D:3)
  2 iguanas (D:4)
  2 orc wizards (D:4)
  3 gnolls (D:5)
  5 adders
  An adder skeleton (D:4)
  3 worms (D:2)
  3 dart slugs
  6 orcs
  5 bats
  6 endoplasms
  9 giant cockroaches
  4 goblins
  6 hobgoblins
  2 jackals (D:2)
  12 kobolds
  2 quokkas
  8 ball pythons
  3 frilled lizards
  7 rats
98 creatures vanquished.

Vanquished Creatures (others)
  4 fulminant prisms
  A fungus (D:2)
  3 plants (D:2)
8 creatures vanquished.

Grand Total: 106 creatures vanquished

Notes
Turn   | Place    | Note
-------+----------+-------------------------------------------
     0 | D:1      | TheCrusader the Djinni Conjurer began the quest for the
                  | Orb.
     0 | D:1      | Reached XP level 1. HP: 15/15 MP: 0/0
     2 | D:1      | Noticed a tengu
     2 | D:1      | Noticed a demonspawn
     4 | D:1      | Noticed a demigod
     4 | D:1      | Noticed a human
     6 | D:1      | Noticed a troll
     6 | D:1      | Noticed a spriggan
     8 | D:1      | Noticed a naga
     8 | D:1      | Noticed an ogre
    10 | D:1      | Noticed a palentonga
    10 | D:1      | Noticed a minotaur
    14 | D:1      | Noticed a vine stalker
    14 | D:1      | Noticed a draconian
    16 | D:1      | Noticed a vampire
    16 | D:1      | Noticed an elf
    18 | D:1      | Noticed a merfolk
    18 | D:1      | Noticed a felid
    20 | D:1      | Noticed a djinni
    22 | D:1      | Noticed a gargoyle
    22 | D:1      | Noticed a dwarf
    24 | D:1      | Noticed an octopode
    24 | D:1      | Noticed a ghoul
    26 | D:1      | Noticed a barachi
    26 | D:1      | Noticed a formicid
   167 | D:1      | Reached XP level 2. HP: 17/21 MP: 0/0
   624 | D:1      | Reached XP level 3. HP: 23/26 MP: 0/0
   624 | D:1      | Learned a level 1 spell: Apportation
  1308 | D:2      | Reached skill level 1 in Fighting
  1602 | D:2      | Reached skill level 4 in Spellcasting
  1751 | D:2      | Found a faded altar of an unknown god.
  1756 | D:2      | Became a worshipper of Ru the Awakened
  1760 | D:2      | Fell from the grace of Ru
  1820 | D:2      | Reached XP level 4. HP: 28/32 MP: 0/0
  2272 | D:2      | Found a hide-covered altar of Uskayaw.
  3344 | D:2      | You are sucked into a shaft and drop 2 floors!
  3348 | D:4      | Reached XP level 5. HP: 18/38 MP: 0/0
  3348 | D:4      | Learned a level 2 spell: Static Discharge
  3832 | D:4      | Reached XP level 6. HP: 24/43 MP: 0/0
  3833 | D:4      | Reached skill level 5 in Spellcasting
  4728 | D:4      | Reached XP level 7. HP: 29/49 MP: 0/0
  4728 | D:4      | Learned a level 3 spell: Frozen Ramparts
  5273 | D:3      | Noticed Grinder
  5283 | D:3      | Killed Grinder
  5481 | D:3      | Noticed Terence
  5717 | D:3      | Reached skill level 6 in Spellcasting
  5905 | D:3      | Killed Terence
  6777 | D:5      | Entered Level 5 of the Dungeon
  6853 | D:5      | Reached XP level 8. HP: 53/56 MP: 0/0
  7136 | D:5      | Noticed Eustachio
  7165 | D:5      | HP: 2/57 [white imp[Eustachio] (3)]
  7166 | D:5      | Slain by Eustachio

Illustrated notes

Levels and vault maps discovered:
D:1:      kb_arrival_jail, layout_rooms
D:2:      layout_basic, basic_altar, shapermc_ecumenical_altar_mp_urbaneastern
D:3:      layout_basic, uniq_terence, uniq_grinder
D:4:      layout_basic
D:5:      layout_loops_ring, uniq_eustachio

Skill      XL: |  1  2  3  4  5  6  7 |
---------------+----------------------+-----
Fighting       | 1 2 3 |  3.6
Spellcasting   | 4 5 6 |  6.5
Dodging        | 3 |  3.7
Stealth        | |  1.5

Action                   |  1- 3 |  4- 6 |  7- 9 || total
-------------------------+-------+-------+-------++-------
Melee: Dagger            |    19 |     9 |     1 ||    29
 Cast: Magic Dart        |    71 |    38 |       ||   109
       Searing Ray       |       |    22 |    36 ||    58
       Fulminant Prism   |       |     2 |     2 ||     4
       Dazzling Flash    |       |     1 |       ||     1
       Iskenderun's Myst |       |     5 |     4 ||     9
       Frozen Ramparts   |       |       |     1 ||     1
Invok: Renounce Religion |     1 |       |       ||     1
  Use: Potion            |       |     2 |     3 ||     5
Armor: Robe              |     1 |    13 |     6 ||    20
Dodge: Dodged            |     3 |    31 |    32 ||    66
